 Dungeon Crawl Stone Soup version 0.21.1-1-g345015f (webtiles) character file.

941 iamserjio the Ducker (level 8, -18/58 HPs)
             Began as an Octopode Monk on Apr 7, 2018.
             Was a Priest of Dithmenos.
             Demolished by a two-headed ogre
             ... wielding a +0 giant club
              (21 damage)
             ... on level 5 of the Dungeon.
             The game lasted 00:16:47 (5380 turns).

iamserjio the Ducker (Octopode Monk)                Turns: 5380, Time: 00:16:48

Health: -18/58     AC:  1    Str: 10    XL:     8   Next: 12%
Magic:  8/8        EV: 24    Int: 15    God:    Dithmenos [***...]
Gold:   152        SH:  0    Dex: 22    Spells: 7/7 levels left

rFire    . . .     SeeInvis .   y - +2 dagger (venom)
rCold    . . .     Gourm    .   (no shield)
rNeg     + . .     Faith    .   (helmet restricted)
rPois    .         Spirit   .   (no amulet)
rElec    .         Reflect  .   m - +3 ring of intelligence
rCorr    .         Harm     .   t - ring of positive energy
MR       .....                  (no ring)
Stlth    ++++++++..             (no ring)
HPRegen  0.19/turn              (no ring)
MPRegen  0.11/turn              (no ring)
                                (no ring)
                                (no ring)

@: agile, wreathed by umbra
A: almost no armour, stealthy swim, amphibious, 8 rings, constrict 8, camouflage
1, gelatinous body 1
a: Shadow Step, Renounce Religion


You were on level 5 of the Dungeon.
You worshipped Dithmenos.
Dithmenos was most pleased with you.
You were hungry.

You visited 1 branch of the dungeon, and saw 6 of its levels.

You collected 152 gold pieces.

Inventory:

Hand Weapons
 a - a +0 short sword
 k - a +0 falchion
 p - a +1 short sword of electrocution
 r - a +2 dagger of venom
 y - a +2 dagger of venom (weapon)
Jewellery
 m - a +3 ring of intelligence (left tentacle)
 t - a ring of positive energy (right tentacle)
 x - a cursed -2 ring of evasion {unknown}
 z - a +2 ring of evasion {unknown}
 B - an uncursed amulet of the gourmand {unknown}
Wands
 w - a wand of iceblast (9)
Scrolls
 c - a scroll of enchant weapon
 d - a scroll of enchant armour
 g - a scroll of amnesia {unknown}
 l - a scroll of fog {unknown}
 o - a scroll of immolation {unknown}
 q - a scroll of teleportation
 u - 2 scrolls of remove curse
Potions
 e - a potion of agility
 h - a potion of resistance {unknown}
 i - a potion of flight {unknown}
 j - a potion of might {unknown}
 n - 2 potions of curing {unknown}
 s - a potion of brilliance {unknown}
 v - 2 potions of magic {unknown}
Books
 f - a book of Changes

   Spells                             Type                      Level
   a - Beastly Appendage              Transmutation                1
   b - Sticks to Snakes               Transmutation                2
   c - Spider Form                    Transmutation/Poison         3
   d - Ice Form                       Ice/Transmutation            4
   e - Blade Hands                    Transmutation                5
Comestibles
 b - 7 rations
 A - 3 chunks of flesh


   Skills:
 * Level 6.4 Fighting
 - Level 3.1 Short Blades
 * Level 6.4 Dodging
 + Level 6.3 Stealth


You had 7 spell levels left.
You didn't know any spells.

Dungeon Overview and Level Annotations

Branches:
Dungeon (6/15)
 Temple: D:4-7

Altars:
Cheibriados
Dithmenos
Elyvilon
Makhleb
Nemelex Xobeh
Qazlal
Ru
Trog
Wu Jian
Xom
The Shining One

Shops:
D:6 *

Annotations:
D:4 iamserjio's ghost, novice OpMo


Innate Abilities, Weirdness & Mutations

You cannot wear most types of armour.
You are very stealthy in the water. (Stealth+)
You are amphibious.
You can wear up to eight rings at the same time.
You can use your tentacles to constrict eight enemies at once.
Your skin changes colour to match your surroundings (Stealth+).
Your rubbery body absorbs attacks. (AC +1, EV +1)


Message History

The two-headed ogre hits you with a giant club!
* * * LOW HITPOINT WARNING * * *
You completely miss the two-headed ogre.
The two-headed ogre is moderately wounded.
The two-headed ogre completely misses you. x2
You completely miss the two-headed ogre.
The two-headed ogre is moderately wounded.
The two-headed ogre closely misses you. x2
You are feeling hungry.
Found a potion of agility.
There is an open door here.
You hear the quick rusting of a distant drain.
Found a robe.
There is a stone staircase leading down, spattered with blood here.
You feel agile all of a sudden. The two-headed ogre barely misses you.
The two-headed ogre hits you with a giant club!!
* * * LOW HITPOINT WARNING * * *
The two-headed ogre hits you with a giant club!!
You die...

########################
#.......@..............#
#.<....O...............#
#......................#
#...>..................#
#........##..##........#
#........##..##........#
##............#.........#
#.............#.........#
#.............#.........#


You could see a two-headed ogre.

Vanquished Creatures
  An ogre (D:5)
  2 centaurs (D:5)
  A scorpion (D:4)
  2 howler monkeys (D:4)
  A crimson imp (D:4)
  A hound (D:4)
  Crazy Yiuf (D:3)
  5 orc wizards
  2 worker ants (D:4)
  An iguana (D:5)
  Natasha (thrice) (D:3)
  A hound skeleton (D:4)
  3 gnolls
  5 adders
  A river rat (D:5)
  2 shadow imps (D:5)
  An ooze (D:4)
  An adder skeleton (D:6)
  4 dart slugs
  A leopard gecko (D:1)
  11 orcs
  4 giant cockroaches
  5 goblins
  3 hobgoblins
  8 jackals
  8 kobolds
  2 quokkas (D:4)
  3 bats
  2 frilled lizards
  A quokka skeleton (D:4)
  6 rats
92 creatures vanquished.

Notes
Turn   | Place    | Note
-------+----------+-------------------------------------------
     0 | D:1      | iamserjio the Octopode Monk began the quest for the Orb.
     0 | D:1      | Reached XP level 1. HP: 16/16 MP: 1/1
    54 | D:1      | Reached XP level 2. HP: 21/21 MP: 2/2
   179 | D:1      | Found a glowing golden altar of the Shining One.
   799 | D:2      | Reached XP level 3. HP: 26/26 MP: 3/3
  1009 | D:2      | Found a shimmering altar of Xom.
  1082 | D:2      | Found a snail-covered altar of Cheibriados.
  1083 | D:2      | Found a shadowy altar of Dithmenos.
  1086 | D:2      | Found a bloodstained altar of Trog.
  1093 | D:2      | Became a worshipper of Dithmenos the Shadowed
  1093 | D:2      | Reached * piety under Dithmenos
  1093 | D:2      | Reached ** piety under Dithmenos
  1344 | D:2      | Found an ornate altar of the Wu Jian Council.
  1807 | D:3      | Reached XP level 4. HP: 24/33 MP: 4/4
  2039 | D:3      | Noticed Natasha
  2477 | D:3      | Reached XP level 5. HP: 32/37 MP: 5/5
  2564 | D:3      | Found a runed door.
  2568 | D:3      | Noticed Crazy Yiuf
  2573 | D:3      | Killed Crazy Yiuf
  2704 | D:3      | Killed Natasha
  2850 | D:3      | Noticed Natasha
  2925 | D:4      | Noticed iamserjio's ghost (novice OpMo)
  3002 | D:3      | Killed Natasha
  3013 | D:4      | Reached XP level 6. HP: 23/44 MP: 6/6
  3222 | D:4      | Found a white marble altar of Elyvilon.
  3224 | D:4      | Found a stormy altar of Qazlal.
  3312 | D:4      | Found a burning altar of Makhleb.
  3406 | D:4      | Reached skill level 5 in Fighting
  3406 | D:4      | Reached skill level 5 in Dodging
  3409 | D:4      | Reached skill level 5 in Stealth
  3780 | D:4      | Reached XP level 7. HP: 50/50 MP: 7/7
  4147 | D:4      | Found a sparkling altar of Nemelex Xobeh.
  4398 | D:3      | Noticed Natasha
  4409 | D:3      | Killed Natasha
  4630 | D:4      | Reached *** piety under Dithmenos
  4729 | D:4      | Found a sacrificial altar of Ru.
  4776 | D:5      | Entered Level 5 of the Dungeon
  4829 | D:5      | Reached XP level 8. HP: 53/57 MP: 8/8
  5148 | D:6      | Found Cutaum's Assorted Antiques.
  5309 | D:5      | Noticed a two-headed ogre
  5380 | D:5      | Demolished by a two-headed ogre

Skill      XL: |  1  2  3  4  5  6  7 |
---------------+----------------------+-----
Stealth        | 3 4 5 6 |  6.3
Fighting       | 4 5 6 |  6.4
Dodging        | 4 5 6 |  6.4
Short Blades   | |  3.1

Action                   |  1- 3 |  4- 6 |  7- 9 || total
-------------------------+-------+-------+-------++-------
Melee: Short sword       |    35 |       |    43 ||    78
       Tentacles         |    10 |    30 |    11 ||    51
       Constrict         |    19 |    27 |     9 ||    55
       Falchion          |    19 |    61 |       ||    80
       Dagger            |       |    19 |    37 ||    56
  Use: Scroll            |       |     7 |     1 ||     8
       Potion            |       |       |     2 ||     2
 Stab: Sleeping          |     9 |     8 |     8 ||    25
       Distracted        |       |     2 |     1 ||     3
  Eat: Chunk             |     3 |     4 |     3 ||    10
       Ration            |       |     1 |       ||     1
Armor: Skin              |     5 |     4 |     1 ||    10
Dodge: Dodged            |    47 |    62 |    56 ||   165
       Rpst.: Falchion   |     3 |    22 |       ||    25
